 Dungeon Crawl Stone Soup version 0.23.2-1-ga50397a6bc (webtiles) character file.

Game seed: 9020081060903536727

360 MisterOstroum the Chucker (level 6, -5/51 HPs)
             Began as a Formicid Hunter on May 24, 2019.
             Slain by an ice beast (7 damage)
             ... on level 3 of the Dungeon.
             The game lasted 00:08:26 (3000 turns).

MisterOstroum the Chucker (Formicid Hunter)         Turns: 3000, Time: 00:08:27

Health: -5/51      AC:  4    Str: 19    XL:     6   Next: 98%
Magic:  6/6        EV: 12    Int: 10    God:
Gold:   179        SH:  0    Dex: 11    Spells: 5/5 levels left

rFire    . . .     SeeInvis +   v - +0 rapier
rCold    . . .     Gourm    .   (no shield)
rNeg     . . .     Faith    .   b - +0 leather armour
rPois    .         Spirit   .   (helmet unavailable)
rElec    .         Reflect  .   p - +0 cloak
rCorr    .         Harm     .   (no gloves)
MR       .....                  (no boots)
Stlth    +.........             (no amulet)
HPRegen  0.17/turn              (no ring)
MPRegen  0.10/turn              (no ring)

@: no status effects
A: permanent stasis, dig shafts and tunnels, four strong arms, antennae 3
a: Dig, Shaft Self


You were on level 3 of the Dungeon.
You were not hungry.

You visited 1 branch of the dungeon, and saw 3 of its levels.

You collected 179 gold pieces.

Inventory:

Hand Weapons
 u - a +1 hunting sling of flaming
 v - a +0 rapier (weapon)
 z - a +0 great sword
 A - a +0 whip
Missiles
 c - 4 javelins (quivered)
 f - 100 stones
Armour
 b - a +0 leather armour (worn)
 p - a +0 cloak (worn)
Jewellery
 a - an uncursed ring of positive energy {unknown}
 y - a +1 ring of slaying {unknown}
Scrolls
 h - a scroll of blinking {unknown}
 k - 2 scrolls of identify {unknown}
 l - a scroll of enchant armour {unknown}
 m - 2 scrolls of amnesia {unknown}
 n - a scroll of noise {unknown}
 q - a scroll of teleportation {unknown}
 r - 2 scrolls of magic mapping {unknown}
 t - 2 scrolls of remove curse {unknown}
 x - a scroll of fear {unknown}
Potions
 g - 3 potions of curing {unknown}
 i - a potion of berserk rage {unknown}
 j - 2 potions of haste {unknown}
 o - a potion of agility {unknown}
 w - a potion of mutation {unknown}
Comestibles
 e - 5 rations
 s - 4 chunks of flesh


   Skills:
 + Level 5.5 Fighting
 + Level 6.1 Throwing
 - Level 1.7 Dodging
 - Level 1.2 Stealth


You had 5 spell levels left.
You didn't know any spells.
Your spell library was empty.

Dungeon Overview and Level Annotations

Branches:
Dungeon (3/15)

Altars:
Sif Muna


Innate Abilities, Weirdness & Mutations

You cannot be hasted, slowed, berserked, paralysed or teleported.
You can dig through walls and to a lower floor.
Your four strong arms can wield two-handed weapons with a shield.
You have a pair of large antennae on your head. (SInv)


Message History

Press: ? - help, . - travel, g - get item You can't see that place. [Stash: 2 tomahawks] [the floor.]
You see here an adder skeleton.
You see here 2 tomahawks.
B - 2 tomahawks You see here an adder skeleton.
Key pressed, stopping explore.
Unknown command.
You see here a dagger.
Some of the chunks of flesh in your inventory have rotted away.
The ice beast is too close now for your liking.
An ice beast is nearby!
An ice beast is nearby!
Throwing (i - inventory. (/) - cycle)
B - 2 tomahawks (quivered)
Press: ? - help, Shift-Dir - straight line, f - ice beast
Aim: an ice beast You throw a tomahawk.
The tomahawk hits the ice beast!
The ice beast is heavily wounded.
Throwing (i - inventory. (/) - cycle)
B - a tomahawk (quivered)
Press: ? - help, Shift-Dir - straight line, f/p - ice beast
Aim: an ice beast (heavily wounded)
You throw a tomahawk.
The tomahawk closely misses the ice beast.
Throwing (i - inventory. (/) - cycle)
d - 3 throwing nets (quivered)
{!f}
Press: ? - help, Shift-Dir - straight line, f/p - ice beast
Aim: an ice beast (heavily wounded) Really fire
d - 3 throwing nets {!f}?
You throw a throwing net {!f}.
The throwing net {!f} barely misses the ice beast.
Throwing (i - inventory. (/) - cycle)
d - 2 throwing nets (quivered)
{!f}
Press: ? - help, Shift-Dir - straight line, f/p - ice beast
Aim: an ice beast (heavily wounded) Really fire
d - 2 throwing nets {!f}? [Y]es or [N]o only, please.
Really fire
d - 2 throwing nets {!f}?
You throw a throwing net {!f}.
The throwing net {!f} closely misses the ice beast.
The ice beast hits you but does no damage.
You hit the ice beast.
The ice beast is severely wounded.
The ice beast hits you. The ice beast freezes you!
You hit the ice beast.
The ice beast is severely wounded.
The ice beast closely misses you.
The ice beast hits you but does no damage.
You hit the ice beast but do no damage.
The ice beast is severely wounded.
The ice beast misses you.
You barely miss the ice beast.
The ice beast is severely wounded.
The ice beast hits you. The ice beast freezes you.
You closely miss the ice beast.
The ice beast is severely wounded.
The ice beast hits you but does no damage.
Throwing (i - inventory. (/) - cycle)
d - a throwing net (quivered)
{!f}
Press: ? - help, Shift-Dir - straight line, f/p - ice beast
Aim: an ice beast (severely wounded) Really fire
d - a throwing net {!f}?
You throw a throwing net {!f}.
The throwing net {!f} hits the ice beast.
The ice beast is caught in the net!
The ice beast is severely wounded.
The ice beast struggles against the net.
You hit the ice beast but do no damage.
The ice beast is severely wounded.
The ice beast struggles against the net.
You hit the ice beast.
The ice beast is severely wounded.
The ice beast struggles against the net.
You hit the ice beast.
The ice beast is almost dead.
The ice beast struggles against the net.
The net rips apart, and the ice beast comes free!
You hit the ice beast but do no damage.
The ice beast is almost dead.
The ice beast completely misses you.
The ice beast hits you but does no damage.
You hit the ice beast but do no damage.
The ice beast is almost dead.
The ice beast hits you. The ice beast freezes you!
You barely miss the ice beast.
The ice beast is almost dead.
The ice beast hits you but does no damage.
You closely miss the ice beast.
The ice beast is almost dead.
The ice beast hits you.
* * * LOW HITPOINT WARNING * * *
The ice beast freezes you!
* * * LOW HITPOINT WARNING * * *
You hit the ice beast but do no damage.
The ice beast is almost dead.
The ice beast closely misses you.
You hit the ice beast but do no damage.
The ice beast is almost dead.
The ice beast closely misses you. The ice beast hits you.
* * * LOW HITPOINT WARNING * * *
The ice beast freezes you!
You die...

##.##.#.#.# #.# #.#..#.#.)#
#######.######### ####.######)#
##................ ....[.#####.#
........<..........
..#.........#.###.#####.#########
#...#.####...............)..#####
#####.#.......###.#.(...........#
#.#..##.#####.#(###.#.....#.#
##....##.....@Y(.............#
##.###.#########..#####........
###.## ##.# #..# #.....#.# >...#
#.# #..# ###.###.# ###.## ##.#
#..# #...# #.# .)...###.## #..#
#.### #.# ####....## #..# #.# #.#
# #.#..# #..# #.# #.# # #.#..#
#..# #.# #.#


You could see an ice beast.

Vanquished Creatures
  Sigmund (D:2)
  A phantom (D:3)
  4 adders
  3 dart slugs
  4 worms (D:3)
  3 leopard geckos
  4 orcs (D:3)
  9 bats
  4 giant cockroaches
  14 goblins
  2 hobgoblins
  3 jackals (D:2)
  3 frilled lizards
  4 kobolds
  5 rats
64 creatures vanquished.

Notes
Turn   | Place    | Note
-------+----------+-------------------------------------------
     0 | D:1      | MisterOstroum the Formicid Hunter began the quest for the
                  | Orb.
     0 | D:1      | Reached XP level 1. HP: 16/16 MP: 1/1
   452 | D:1      | Reached XP level 2. HP: 19/23 MP: 2/2
  1099 | D:2      | Reached XP level 3. HP: 29/29 MP: 3/3
  1318 | D:2      | Found a deep blue altar of Sif Muna.
  1402 | D:2      | Reached XP level 4. HP: 21/35 MP: 4/4
  1982 | D:2      | Noticed Sigmund
  1993 | D:2      | Killed Sigmund
  1993 | D:2      | Reached skill level 5 in Throwing
  1993 | D:2      | Reached XP level 5. HP: 43/43 MP: 5/5
  1993 | D:2      | Reached XP level 6. HP: 50/50 MP: 6/6
  2235 | D:3      | Noticed an ice beast
  2348 | D:3      | Reached skill level 5 in Fighting
  2376 | D:3      | Noticed a phantom
  2421 | D:3      | Killed a phantom
  2421 | D:3      | Reached skill level 6 in Throwing
  2998 | D:3      | HP: 2/51 [ice beast (13)]
  3000 | D:3      | Slain by an ice beast

Skill      XL: |  1  2  3  4  5  6 |
---------------+-------------------+-----
Fighting       | 3 4 5 |  5.5
Throwing       | 5 6 |  6.1
Dodging        | |  1.7
Stealth        | |  1.2

Action                   |  1- 3 |  4- 6 || total
-------------------------+-------+-------++-------
Melee: Short sword       |    70 |    10 ||    80
       Rapier            |       |    67 ||    67
Throw: Javelin           |    15 |    14 ||    29
       Stone             |    34 |    81 ||   115
       Throwing net      |       |     5 ||     5
       Tomahawk          |       |     2 ||     2
 Abil: Dig               |     3 |     2 ||     5
  Eat: Chunk             |     3 |     6 ||     9
Armor: Leather armour    |    26 |    16 ||    42
Dodge: Dodged            |    51 |    40 ||    91
